AoeStats
← Roidz4

Fortress

509361140Analyzed
2v2 RM · 7d ago on Sep 26, 2026· 69m 24s· 4 players
Game mode
Random Map
Map size
Normal (6 player)
Population
200
Speed
Normal
Resources
Standard
Victory
Conquest
Starting age
Dark Age
Ending age
Imperial Age
RankedLock teamsTeams togetherTeam positionsShared explorationLock speedFull tech treeHidden civsTurbo modeCheats
Victory
Defeat
🇿🇦 Ethiopians · South Africa
1091
+13
🇷🇺 Persians · Russia
1045
+20
🇵🇸 Italians · Palestinian Territories
1080
-16
🇵🇸 Turks · Palestinian Territories
964
-12
xX SAVAGE Xx
0:55 Loom
7:44 Feudal Age
12:24 Castle Age
10:30 Double-Bit Axe
10:38 Horse Collar
13:36 Bow Saw
13:42 Fletching
20:20 Gold Mining
20:32 Bodkin Arrow
20:38 Padded Archer Armor
22:28 Wheelbarrow
26:07 Leather Archer Armor
26:34 Hand Cart
30:02 Imperial Age
27:56 Forging
27:46 Scale Mail Armor
28:15 Ballistics
27:51 Murder Holes
28:07 Fortified Wall
30:06 Elite Genoese Crossbowman
31:21 Conscription
33:08 Two-Man Saw
32:11 Heavy Plow
33:33 Ring Archer Armor
33:04 Bracer
34:09 Chemistry
33:50 Town Watch
36:29 Iron Casting
36:21 Pikeman
37:01 Squires
37:16 Arson
40:20 Blast Furnace
39:36 Chain Mail Armor
39:52 Elite Skirmisher
40:38 Thumb Ring
44:59 Capped Ram
47:24 Onager
61:35 Plate Mail Armor
61:44 Light Cavalry
62:25 Husbandry
62:47 Bloodlines
62:41 Hussar
65:18 Scale Barding Armor
66:18 Chain Barding Armor
67:51 Plate Barding Armor
X-ALADDIN-X THE LIONHEART
1:55 Loom
2:44 Loom
9:30 Feudal Age
10:58 Horse Collar
11:05 Double-Bit Axe
13:51 Castle Age
19:39 Imperial Age
19:27 Heavy Plow
24:11 Wheelbarrow
26:57 Fletching
27:08 Padded Archer Armor
27:19 Forging
29:35 Bodkin Arrow
31:35 Hand Cart
33:25 Sipahi
35:08 Bracer
35:16 Scale Barding Armor
38:14 Iron Casting
38:38 Treadmill Crane
40:35 Blast Furnace
40:19 Heavy Scorpion
41:54 Murder Holes
43:00 Scale Mail Armor
43:20 Chain Barding Armor
43:16 Leather Archer Armor
50:11 Bloodlines
51:31 Gold Mining
56:59 Plate Barding Armor
56:28 Husbandry
59:30 Chain Mail Armor
61:10 Ring Archer Armor
61:21 Stone Mining
62:09 Gold Shaft Mining
61:47 Caravan
62:20 Capped Ram
64:50 Siege Ram
danielw696925
7:10 Feudal Age
11:43 Castle Age
9:54 Double-Bit Axe
10:26 Horse Collar
12:44 Wheelbarrow
14:52 Loom
19:57 Hand Cart
24:48 Imperial Age
22:32 Husbandry
22:52 Gold Mining
23:26 Heavy Plow
23:39 Bow Saw
24:06 Forging
24:37 Bloodlines
23:48 Light Cavalry
25:09 Gold Shaft Mining
24:26 Stone Mining
25:30 Iron Casting
25:03 Scale Barding Armor
25:21 Cavalier
26:54 Crop Rotation
27:27 Two-Man Saw
27:37 Stone Shaft Mining
27:12 Hussar
28:44 Elite Skirmisher
29:49 Conscription
31:57 Chemistry
30:44 Savar
33:00 Hoardings
33:06 Thumb Ring
35:41 Blast Furnace
35:02 Chain Barding Armor
38:10 Plate Barding Armor
38:32 Ballistics
38:21 Caravan
38:31 Guilds
38:10 Town Watch
41:07 Masonry
44:02 Elite War Elephant
46:03 Scale Mail Armor
45:58 Fletching
46:38 Bodkin Arrow
46:46 Padded Archer Armor
49:08 Architecture
50:38 Murder Holes
53:35 Coinage
54:19 Leather Archer Armor
54:23 Chain Mail Armor
53:30 Pikeman
57:43 Plate Mail Armor
57:47 Ring Archer Armor
56:42 Halberdier
58:23 Guard Tower
59:32 Gambesons
59:47 Squires
59:33 Arson
Roidz4
4:35 Loom
6:20 Feudal Age
8:22 Double-Bit Axe
12:56 Castle Age
18:12 Fletching
19:53 Crossbowman
21:39 Padded Archer Armor
22:04 Bodkin Arrow
25:58 Ballistics
28:59 Husbandry
32:42 Imperial Age
33:18 Light Cavalry
34:29 Forging
34:25 Scale Barding Armor
35:14 Bracer
35:45 Arbalester
40:49 Iron Casting
40:35 Chain Barding Armor
39:57 Hussar
46:15 Blast Furnace
50:11 Cavalier
55:13 Caravan
61:24 Horse Collar
61:56 Bow Saw
63:57 Wheelbarrow
Connection lost

Rejoining the realm…

Still unreachable

The connection could not be restored.

Session expired

The server has moved on; the page needs a fresh start.